 Dungeon Crawl Stone Soup version 0.27.1-34-g3ba077fa99 (webtiles) character file.

Game seed: 2077905742077422410

117 LLlMATKO the Skirmisher (level 4, -4/61 HPs)
             Began as a Minotaur Berserker on Jan 9, 2022.
             Was a Priest of Trog.
             Slain by a gnoll (5 damage)
             ... on level 2 of the Dungeon.
             The game lasted 00:03:29 (2255 turns).

LLlMATKO the Skirmisher (Minotaur Berserker)        Turns: 2255, Time: 00:03:30

Health: -4/61      AC:  9    Str: 21    XL:     4   Next: 71%
Magic:  3/3        EV:  6    Int:  4    God:    Trog [***...]
Gold:   93         SH:  8    Dex: 11    Spells: 3/3 levels left

rFire    . . .     SeeInvis .   a - +0 mace
rCold    . . .     Faith    .   b - +0 kite shield
rNeg     . . .     Spirit   .   h - +0 chain mail
rPois    .         Reflect  .   (helmet restricted)
rElec    .         Harm     .   (no cloak)
rCorr    .         Rampage  .   (no gloves)
Will     .....                  (no boots)
Stlth    ..........             (no amulet)
HPRegen  0.20/turn              (no ring)
MPRegen  0.08/turn              (no ring)

@: berserking, very quick
A: horns 2, retaliatory headbutt
a: Renounce Religion, Berserk, Trog's Hand


You were on level 2 of the Dungeon.
You worshipped Trog.
Trog was most pleased with you.
You visited 1 branch of the dungeon, and saw 2 of its levels.

You collected 93 gold pieces.

Inventory:

Hand Weapons
 a - a +0 mace (weapon)
Missiles
 c - 81 stones (quivered)
 f - 11 poisoned darts
 i - 19 bolts
Armour
 b - a +0 kite shield (worn)
 h - a +0 chain mail (worn)
Scrolls
 d - 4 scrolls of fog {unknown}
 j - 3 scrolls of identify {unknown}
 k - a scroll of teleportation {unknown}
 m - a scroll of noise {unknown}
Potions
 e - a potion of haste {unknown}
 g - a potion of mutation {unknown}
 l - 2 potions of curing {unknown}


   Skills:
 + Level 4.4 Fighting
 + Level 4.4 Maces & Flails
 + Level 3.4 Armour
 + Level 3.3 Dodging
 + Level 1.4 Shields


You had 3 spell levels left.
You didn't know any spells.
Your spell library was empty.

Dungeon Overview and Level Annotations

Branches:
Dungeon (2/15)

Altars:
Xom

Annotations:
D:2 1 runed translucent door, Crazy Yiuf


Innate Abilities, Weirdness & Mutations

You have a pair of horns on your head.
You reflexively headbutt those who attack you in melee.


Message History

The gnoll hits you with a +0 whip. You block the gnoll's attack.
You barely miss the gnoll. You headbutt the gnoll.
The gnoll is severely wounded.
The gnoll hits you with a +0 whip. The gnoll barely misses you.
The gnoll hits you but does no damage. You block the gnoll's attack.
You sock the gnoll!
You kill the gnoll!
Trog accepts your kill. The gnoll barely misses you.
You sock the gnoll!
The gnoll is severely wounded.
The gnoll hits you but does no damage.
The gnoll hits you from afar with a +0 halberd!
* * * LOW HITPOINT WARNING * * *
The gnoll hits you but does no damage.
You are too injured to fight recklessly!
You are too injured to fight recklessly!
You are too injured to fight recklessly!
You are too injured to fight recklessly!
You are too injured to fight recklessly!
You are too injured to fight recklessly!
You are too injured to fight recklessly!
You are too injured to fight recklessly!
You are too injured to fight recklessly!
You are too injured to fight recklessly!
A red film seems to cover your vision as you go berserk!
You feel yourself moving faster!
You feel mighty!
The gnoll hits you from afar with a +0 halberd!
* * * LOW HITPOINT WARNING * * *
The gnoll hits you but does no damage.
You barely miss the gnoll.
The gnoll is severely wounded.
The gnoll hits you from afar with a +0 halberd!
* * * LOW HITPOINT WARNING * * *
You block the gnoll's attack.
You hit the gnoll.
You kill the gnoll!
Trog accepts your kill.
The gnoll hits you from afar with a +0 halberd.
You die...

#.>..#
#.###
#.#### #.#
#.# #.#
#.# #.#
#.# #.#
#.# #..
#.# ###
#.######..
#.@)......
####g.....
.._.. ....
... ##


You could see a gnoll.

Vanquished Creatures
  Robin (D:2)
  3 gnolls (D:2)
  An adder (D:2)
  A worm (D:2)
  6 endoplasms
  5 giant cockroaches (D:1)
  11 goblins
  7 hobgoblins
  9 jackals
  2 quokkas (D:1)
  4 ball pythons
  4 bats
  4 frilled lizards
  6 kobolds
  4 rats
68 creatures vanquished.

Notes
Turn   | Place    | Note
-------+----------+-------------------------------------------
     0 | D:1      | LLlMATKO the Minotaur Berserker began the quest for the
                  | Orb.
     0 | D:1      | Reached XP level 1. HP: 19/19 MP: 0/0
    26 | D:1      | Reached XP level 2. HP: 25/27 MP: 1/1
   652 | D:1      | Reached ** piety under Trog
   665 | D:1      | Reached XP level 3. HP: 9/33 MP: 2/2
  1740 | D:2      | Found a faded altar of an unknown god.
  1972 | D:2      | Reached XP level 4. HP: 34/40 MP: 3/3
  1985 | D:2      | Noticed Robin
  1994 | D:2      | Killed Robin
  1995 | D:2      | Reached skill level 1 in Shields
  2148 | D:2      | Found a runed translucent door.
  2149 | D:2      | Noticed Crazy Yiuf
  2245 | D:2      | Found a shimmering altar of Xom.
  2248 | D:2      | Reached *** piety under Trog
  2254 | D:2      | HP: 1/61 [gnoll (9)]
  2255 | D:2      | Slain by a gnoll

Illustrated notes

Levels and vault maps discovered:
D:1:      dpeg_arrival_solitude, layout_rooms, minmay_worlds_worst_comb
D:2:      layout_loops_ring, basic_altar, hellmonk_ecumenical_altar_blasted,
          uniq_crazy_yiuf_cottage, uniq_robin

Skill      XL: |  1  2  3  4 |
---------------+-------------+-----
Maces & Flails | 4 |  4.4
Fighting       | 4 |  4.4
Armour         | 3 |  3.4
Dodging        | 3 |  3.3
Shields        | 1 |  1.4

Action                   |  1- 3 |  4- 6 || total
-------------------------+-------+-------++-------
Melee: Mace              |   116 |    35 ||   151
       Headbutt          |    13 |     8 ||    21
Throw: Stone             |    12 |       ||    12
Invok: Berserk           |     4 |     2 ||     6
 Stab: Sleeping          |     1 |       ||     1
Armor: Animal skin       |    14 |       ||    14
       Chain mail        |    44 |    31 ||    75
Dodge: Dodged            |    62 |     8 ||    70
Block: Kite shield       |    23 |    24 ||    47
